TOP OF THE 1ST |
Asheville Highlanders batting - Pitching for Little Caesars Hot N Readys : RHP Leif Mayer
|
Pitching: RHP Leif Mayer
|
|
Batting: RHB Paco Muñóz
|
0-0: Called Strike 0-1: Foul Ball, location: 2F 0-2: Ball 1-2: Foul Ball, location: 2F 1-2: Ball 2-2: Ball 3-2: Ground out 6-3 (Groundball, 6M)
|
Batting: RHB Miguel Montoya
|
0-0: Called Strike 0-1: Foul Ball, location: 2F 0-2: Foul Ball, location: 2F 0-2: Foul Ball, location: 2F 0-2: Foul Ball, location: 2F 0-2: Foul Ball, location: 2F 0-2: Ball 1-2: Ground out 6-3 (Groundball, 6)
|
Batting: RHB Rich Flannery
|
0-0: Called Strike 0-1: Ball 1-1: Ball 2-1: Foul Ball, location: 2F 2-2: Foul Ball, location: 2F 2-2: Foul Ball, location: 2F 2-2: Ball 3-2: Base on Balls
|
Batting: RHB Chris Oudekirk
|
0-0: Fielders Choice at 2nd, 6-4 (Groundball, 6)
|
Top of the 1st over - 0 run(s), 0 hit(s), 0 error(s), 0 left on base; Asheville 0 - Little Caesars 0 |
BOTTOM OF THE 1ST |
Little Caesars Hot N Readys batting - Pitching for Asheville Highlanders : RHP Chris Plummerton
|
Pitching: RHP Chris Plummerton
|
|
Batting: LHB Pedro García
|
0-0: Fly out, F7 (Line Drive, 7)
|
Batting: SHB Tony Gutiérrez
|
0-0: Called Strike 0-1: Ground out 4-3 (Groundball, 4)
|
Batting: LHB Lance Antle
|
0-0: Ball 1-0: Ball 2-0: Ball 3-0: Foul Ball, location: 2F 3-1: Called Strike 3-2: Base on Balls
|
Batting: SHB Shiki Sanu
|
0-0: Called Strike 0-1: Ball Lance Antle steals 2nd base 1-1: Called Strike 1-2: Ball 2-2: Ball 3-2: DOUBLE (Line Drive, 9LM) Lance Antle scores
|
Batting: RHB Luis Aragón
|
0-0: Ground out 4-3 (Groundball, 4M)
|
Bottom of the 1st over - 1 run(s), 1 hit(s), 0 error(s), 1 left on base; Asheville 0 - Little Caesars 1 |
TOP OF THE 2ND |
Asheville Highlanders batting - Pitching for Little Caesars Hot N Readys : RHP Leif Mayer
|
Batting: RHB Jan Gosselin
|
0-0: Ball 1-0: Swinging Strike 1-1: Fly out, F9 (Flyball, 9LSF)
|
Batting: RHB Esteban Olivo
|
0-0: Ball 1-0: SINGLE (Groundball, 6MD)
|
Batting: RHB Ed Lastinger
|
0-0: Ball 1-0: Ball 2-0: Ball 3-0: Called Strike 3-1: Foul Ball, location: 2F 3-2: Base on Balls Esteban Olivo to second
|
Batting: RHB Bill Tan
|
0-0: Ball 1-0: SINGLE (Groundball, 56S) (infield hit) Esteban Olivo to third Ed Lastinger to second
|
Batting: RHB Marshall Attwood
|
0-0: Swinging Strike 0-1: Called Strike 0-2: Foul Ball, location: 2F 0-2: Ball 1-2: Strikes out swinging
|
Batting: RHB Paco Muñóz
|
0-0: Ball 1-0: Ground out 6-3 (Groundball, 6M)
|
Top of the 2nd over - 0 run(s), 2 hit(s), 0 error(s), 3 left on base; Asheville 0 - Little Caesars 1 |
BOTTOM OF THE 2ND |
Little Caesars Hot N Readys batting - Pitching for Asheville Highlanders : RHP Chris Plummerton
|
Batting: SHB Bernard Gauthier
|
0-0: Called Strike 0-1: Foul Ball, location: 2F 0-2: Ground out 3-1 (Groundball, 34)
|
Batting: RHB Mike Taylor
|
0-0: Called Strike 0-1: Ball 1-1: Foul Ball, location: 2F 1-2: Ground out U3 (Groundball, 3S)
|
Batting: RHB Steve Hilburn
|
0-0: Fly out, F3 (Popup, 3)
|
Bottom of the 2nd over - 0 run(s), 0 hit(s), 0 error(s), 0 left on base; Asheville 0 - Little Caesars 1 |
TOP OF THE 3RD |
Asheville Highlanders batting - Pitching for Little Caesars Hot N Readys : RHP Leif Mayer
|
Batting: RHB Miguel Montoya
|
0-0: Ball 1-0: Called Strike 1-1: Swinging Strike 1-2: Foul Ball, location: 2F 1-2: Fly out, F5 (Line Drive, 5)
|
Batting: RHB Rich Flannery
|
0-0: Ball 1-0: Ball 2-0: Ball 3-0: Base on Balls
|
Batting: RHB Chris Oudekirk
|
0-0: Called Strike 0-1: Ball 1-1: Fly out, F3 (Popup, 34S)
|
Batting: RHB Jan Gosselin
|
0-0: SINGLE (Groundball, 6MD) Rich Flannery to second
|
Batting: RHB Esteban Olivo
|
0-0: Ball 1-0: Ball 2-0: Ball 3-0: Base on Balls Rich Flannery to third Jan Gosselin to second
|
Batting: RHB Ed Lastinger
|
0-0: Foul Ball, location: 2F 0-1: Ball 1-1: SINGLE (Groundball, 56D) Rich Flannery scores Jan Gosselin to third Esteban Olivo to second Runner from 3rd tries for Home, SAFE, no throw
|
Batting: RHB Bill Tan
|
0-0: Called Strike 0-1: Ground out 5-3 (Groundball, 5S)
|
Top of the 3rd over - 2 run(s), 2 hit(s), 0 error(s), 2 left on base; Asheville 2 - Little Caesars 1 |
BOTTOM OF THE 3RD |
Little Caesars Hot N Readys batting - Pitching for Asheville Highlanders : RHP Chris Plummerton
|
Batting: SHB Allen Pandey
|
0-0: SINGLE (Flyball, 8RS)
|
Batting: LHB Pedro García
|
0-0: Ball 1-0: Ball 2-0: Foul Ball, location: 2F 2-1: Swinging Strike 2-2: Foul Ball, location: 2F 2-2: Fly out, F4 (Line Drive, 4)
|
Batting: SHB Tony Gutiérrez
|
0-0: Called Strike 0-1: Foul Ball, location: 2F 0-2: Ball 1-2: Ball 2-2: Foul Ball, location: 2F 2-2: Ball 3-2: Foul Ball, location: 2F 3-2: DOUBLE (Flyball, 78D) Allen Pandey to third
|
Batting: LHB Lance Antle
|
0-0: Ball 1-0: Ball 2-0: Swinging Strike 2-1: Ball 3-1: Base on Balls
|
Batting: SHB Shiki Sanu
|
0-0: Ball 1-0: Called Strike 1-1: Foul Ball, location: 2F 1-2: Ball 2-2: Foul Ball, location: 2F 2-2: Foul Ball, location: 2F 2-2: Ball 3-2: Base on Balls Allen Pandey scores Tony Gutiérrez to third Lance Antle to second
|
Batting: RHB Luis Aragón
|
0-0: Ball 1-0: Ground out 5-3 (Groundball, 56S) Tony Gutiérrez scores Lance Antle to third Shiki Sanu to second
|
Batting: SHB Bernard Gauthier
|
0-0: Swinging Strike 0-1: Foul Ball, location: 2F 0-2: Ball 1-2: Ball 2-2: Foul Ball, location: 2F 2-2: Ball 3-2: Foul Ball, location: 2F 3-2: Strikes out swinging
|
Bottom of the 3rd over - 2 run(s), 2 hit(s), 0 error(s), 2 left on base; Asheville 2 - Little Caesars 3 |
TOP OF THE 4TH |
Asheville Highlanders batting - Pitching for Little Caesars Hot N Readys : RHP Leif Mayer
|
Batting: RHB Marshall Attwood
|
0-0: Ball 1-0: Foul Ball, location: 2F 1-1: Foul Ball, location: 2F 1-2: SINGLE (Line Drive, 6MD)
|
Batting: RHB Paco Muñóz
|
0-0: Ball 1-0: Ball 2-0: Called Strike 2-1: Fly out, F9 (Flyball, 89D)
|
Batting: RHB Miguel Montoya
|
0-0: Swinging Strike 0-1: Foul Ball, location: 2F 0-2: Strikes out swinging
|
Batting: RHB Rich Flannery
|
0-0: Ball 1-0: Called Strike 1-1: Ball 2-1: Ball Passed Ball! Marshall Attwood to second 3-1: Called Strike 3-2: SINGLE (Flyball, 78S) Marshall Attwood to third Marshall Attwood scores
|
Batting: RHB Chris Oudekirk
|
0-0: Ball 1-0: Reached on error, E5 (Groundball, 56) Rich Flannery to third
|
Batting: RHB Jan Gosselin
|
0-0: Called Strike 0-1: Ball 1-1: Called Strike 1-2: Ball 2-2: Foul Ball, location: 2F 2-2: Foul Ball, location: 2F 2-2: Ground out U3 (Groundball, 34)
|
Top of the 4th over - 1 run(s), 2 hit(s), 1 error(s), 2 left on base; Asheville 3 - Little Caesars 3 |
BOTTOM OF THE 4TH |
Little Caesars Hot N Readys batting - Pitching for Asheville Highlanders : RHP Chris Plummerton
|
Batting: RHB Mike Taylor
|
0-0: Ball 1-0: Swinging Strike 1-1: Foul Ball, location: 2F 1-2: Foul Ball, location: 2F 1-2: Ball 2-2: Ball 3-2: Base on Balls
|
Batting: RHB Steve Hilburn
|
0-0: Ball 1-0: Ball 2-0: Ball 3-0: Called Strike 3-1: Base on Balls Mike Taylor to second
|
Batting: SHB Allen Pandey
|
0-0: Grounds into double play, 4-6-3 (Groundball, 34) Mike Taylor to third
|
Batting: LHB Pedro García
|
0-0: Fly out, F8 (Flyball, 8RS)
|
Bottom of the 4th over - 0 run(s), 0 hit(s), 0 error(s), 1 left on base; Asheville 3 - Little Caesars 3 |
TOP OF THE 5TH |
Asheville Highlanders batting - Pitching for Little Caesars Hot N Readys : RHP Leif Mayer
|
Batting: RHB Esteban Olivo
|
0-0: Fly out, F7 (Flyball, 7)
|
Batting: RHB Ed Lastinger
|
0-0: Ball 1-0: Ball 2-0: Ball 3-0: Called Strike 3-1: Ground out 4-3 (Groundball, 4)
|
Batting: RHB Bill Tan
|
0-0: Foul Ball, location: 2F 0-1: Called Strike 0-2: Fly out, F6 (Line Drive, 56)
|
Top of the 5th over - 0 run(s), 0 hit(s), 0 error(s), 0 left on base; Asheville 3 - Little Caesars 3 |
BOTTOM OF THE 5TH |
Little Caesars Hot N Readys batting - Pitching for Asheville Highlanders : RHP Chris Plummerton
|
Batting: SHB Tony Gutiérrez
|
0-0: Foul Ball, location: 2F 0-1: Ball 1-1: Foul Ball, location: 2F 1-2: Fly out, F8 (Flyball, 8LS)
|
Batting: LHB Lance Antle
|
0-0: Ball 1-0: Ground out 4-3 (Groundball, 4)
|
Batting: SHB Shiki Sanu
|
0-0: Fly out, F7 (Flyball, 7S)
|
Bottom of the 5th over - 0 run(s), 0 hit(s), 0 error(s), 0 left on base; Asheville 3 - Little Caesars 3 |
TOP OF THE 6TH |
Asheville Highlanders batting - Pitching for Little Caesars Hot N Readys : RHP Leif Mayer
|
Batting: RHB Marshall Attwood
|
0-0: Ball 1-0: Ball 2-0: Fly out, F5 (Popup, 5S)
|
Batting: RHB Paco Muñóz
|
0-0: Ball 1-0: Called Strike 1-1: Ball 2-1: Called Strike 2-2: Foul Ball, location: 2F 2-2: Foul Ball, location: 2F 2-2: Ball 3-2: Foul Ball, location: 2F 3-2: Fly out, F8 (Flyball, 8LS)
|
Now in CF: George St. Clair
|
|
Batting: RHB Miguel Montoya
|
0-0: Called Strike 0-1: Ball 1-1: Called Strike 1-2: Fly out, F6 (Line Drive, 6)
|
Top of the 6th over - 0 run(s), 0 hit(s), 0 error(s), 0 left on base; Asheville 3 - Little Caesars 3 |
BOTTOM OF THE 6TH |
Little Caesars Hot N Readys batting - Pitching for Asheville Highlanders : RHP Chris Plummerton
|
Batting: RHB Luis Aragón
|
0-0: Ball 1-0: Ball 2-0: SINGLE (Groundball, 4MD)
|
Batting: SHB Bernard Gauthier
|
0-0: Sac Bunt - play at first, batter OUT! 1-3 Luis Aragón to second
|
Batting: RHB Mike Taylor
|
0-0: Ball 1-0: Ball 2-0: Ball 3-0: Base on Balls
|
Batting: RHB Steve Hilburn
|
0-0: Ball 1-0: Ball Wild Pitch! Luis Aragón to third Mike Taylor to second 2-0: Intentional Walk
|
Batting: SHB Allen Pandey
|
0-0: SINGLE (Groundball, 3) (infield hit) Luis Aragón scores Mike Taylor to third Steve Hilburn to second
|
Batting: LHB Pedro García
|
0-0: Called Strike 0-1: Hit by Pitch Mike Taylor scores Steve Hilburn to third Allen Pandey to second
|
Batting: RHB George St. Clair
|
0-0: Fly out, F8 (Flyball, 78D) Runner from 3rd tags up, SCORES, no throw
|
Pitching: RHP Bobby Irvine
|
|
Batting: LHB Lance Antle
|
0-0: Fly out, F8 (Flyball, 8RS)
|
Bottom of the 6th over - 3 run(s), 2 hit(s), 0 error(s), 2 left on base; Asheville 3 - Little Caesars 6 |
TOP OF THE 7TH |
Asheville Highlanders batting - Pitching for Little Caesars Hot N Readys : RHP Leif Mayer
|
Pitching: RHP Tristan Young
|
|
Batting: RHB Rich Flannery
|
0-0: Ball 1-0: Foul Ball, location: 2F 1-1: Ball 2-1: Swinging Strike 2-2: Ball 3-2: Base on Balls
|
Batting: RHB Chris Oudekirk
|
0-0: Called Strike 0-1: Foul Ball, location: 2F 0-2: Ball 1-2: Ball 2-2: Fly out, F7 (Flyball, 7)
|
Batting: RHB Jan Gosselin
|
0-0: Ball 1-0: Ball 2-0: Swinging Strike 2-1: Ball 3-1: Base on Balls Rich Flannery to second
|
Batting: RHB Esteban Olivo
|
0-0: Ball 1-0: Ball 2-0: Grounds into double play, 3-6-3 (Groundball, 34)
|
Top of the 7th over - 0 run(s), 0 hit(s), 0 error(s), 1 left on base; Asheville 3 - Little Caesars 6 |
BOTTOM OF THE 7TH |
Little Caesars Hot N Readys batting - Pitching for Asheville Highlanders : RHP Bobby Irvine
|
Batting: SHB Shiki Sanu
|
0-0: Ball 1-0: Ground out U3 (Groundball, 3L)
|
Batting: RHB Luis Aragón
|
0-0: Called Strike 0-1: Ball 1-1: Ground out 6-3 (Groundball, 6)
|
Batting: SHB Bernard Gauthier
|
0-0: Ball 1-0: Foul Ball, location: 2F 1-1: Swinging Strike 1-2: Fly out, F9 (Flyball, 89M)
|
Bottom of the 7th over - 0 run(s), 0 hit(s), 0 error(s), 0 left on base; Asheville 3 - Little Caesars 6 |
TOP OF THE 8TH |
Asheville Highlanders batting - Pitching for Little Caesars Hot N Readys : RHP Tristan Young
|
Batting: RHB Ed Lastinger
|
0-0: Ball 1-0: Ball 2-0: Swinging Strike 2-1: Foul Ball, location: 2F 2-2: Ball 3-2: Ground out 4-3 (Groundball, 4MS)
|
Batting: RHB Bill Tan
|
0-0: Called Strike 0-1: SINGLE (Flyball, 89S)
|
Batting: RHB Marshall Attwood
|
0-0: Called Strike 0-1: Foul Ball, location: 2F 0-2: Ball 1-2: Ball 2-2: Strikes out swinging
|
Batting: RHB Paco Muñóz
|
0-0: Ball 1-0: Foul Ball, location: 2F 1-1: Ground out 6-3 (Groundball, 6M)
|
Top of the 8th over - 0 run(s), 1 hit(s), 0 error(s), 1 left on base; Asheville 3 - Little Caesars 6 |
BOTTOM OF THE 8TH |
Little Caesars Hot N Readys batting - Pitching for Asheville Highlanders : RHP Bobby Irvine
|
Batting: RHB Mike Taylor
|
0-0: Ball 1-0: Ball 2-0: Ball 3-0: Base on Balls
|
Batting: RHB Steve Hilburn
|
0-0: Sac Bunt - play at first, batter OUT! U3 Mike Taylor to second
|
Batting: SHB Allen Pandey
|
0-0: Swinging Strike 0-1: Ball 1-1: Ball 2-1: Called Strike 2-2: Fly out, F8 (Flyball, 8RM)
|
Batting: LHB Pedro García
|
0-0: Ball 1-0: Called Strike 1-1: SINGLE (Line Drive, 6MD) Mike Taylor to third Runner from 3rd tries for Home, SAFE, no throw
|
Batting: RHB George St. Clair
|
0-0: Called Strike 0-1: Ball Pedro García steals 2nd base 1-1: Ball 2-1: DOUBLE (Flyball, 8LM) Pedro García scores
|
Batting: LHB Lance Antle
|
0-0: Ball 1-0: Fly out, F7 (Flyball, 78S)
|
Bottom of the 8th over - 2 run(s), 2 hit(s), 0 error(s), 1 left on base; Asheville 3 - Little Caesars 8 |
TOP OF THE 9TH |
Asheville Highlanders batting - Pitching for Little Caesars Hot N Readys : RHP Tristan Young
|
Batting: RHB Miguel Montoya
|
0-0: Ball 1-0: Foul Ball, location: 2F 1-1: Ball 2-1: Ball 3-1: Ground out 6-3 (Groundball, 6)
|
Batting: RHB Rich Flannery
|
0-0: Ball 1-0: Ball 2-0: Swinging Strike 2-1: Called Strike 2-2: Foul Ball, location: 2F 2-2: Foul Ball, location: 2F 2-2: Ball 3-2: SINGLE (Groundball, 6MD)
|
Pitching: RHP Kermit Sebold
|
|
Batting: RHB Chris Oudekirk
|
0-0: Called Strike 0-1: Foul Ball, location: 2F 0-2: Grounds into double play, 4-6-3 (Groundball, 4)
|
Top of the 9th over - 0 run(s), 1 hit(s), 0 error(s), 0 left on base; Asheville 3 - Little Caesars 8 |
|